SAA
LANNISTER UNITED LIONHEARTS @ LANCASTER FARMERS
08/10/2032
 
TOP OF THE 1ST
Lannister United Lionhearts batting - Pitching for Lancaster Farmers : RHP Montrell Baxa
Pitching: RHP Montrell Baxa
Batting: RHB Albert August 0-0: Ball
1-0: Foul Ball, location: 2F
1-1: Fly out, F4 (Line Drive, 4M)
Batting: RHB Melvin Thomas 0-0: Called Strike
0-1: Ball
1-1: Swinging Strike
1-2: Strikes out looking
Batting: LHB Jonathan Gunner 0-0: Foul Ball, location: 2F
0-1: Ground out 4-3 (Groundball, 4)
Top of the 1st over - 0 runs, 0 hits, 0 errors, 0 left on base; Lannister United 0 - Lancaster 0
BOTTOM OF THE 1ST
Lancaster Farmers batting - Pitching for Lannister United Lionhearts : RHP Kliment Spirk
Pitching: RHP Kliment Spirk
Batting: RHB José Xirau 0-0: Ball
1-0: Ball
2-0: Foul Ball, location: 2F
2-1: Swinging Strike
2-2: Strikes out swinging
Batting: RHB Ramón Soto 0-0: Ball
1-0: Ball
2-0: Foul Ball, location: 2F
2-1: Swinging Strike
2-2: Fly out, F9 (Flyball, 9S)
Batting: RHB Hsi-men King 0-0: Ball
1-0: Foul Ball, location: 2F
1-1: Foul Ball, location: 2F
1-2: Foul Ball, location: 2F
1-2: Fly out, F8 (Flyball, 8LXD)
Bottom of the 1st over - 0 runs, 0 hits, 0 errors, 0 left on base; Lannister United 0 - Lancaster 0
TOP OF THE 2ND
Lannister United Lionhearts batting - Pitching for Lancaster Farmers : RHP Montrell Baxa
Batting: RHB Chong-yee Au-Yong 0-0: Called Strike
0-1: Ball
1-1: Fly out, F7 (Flyball, 7LS)
Batting: SHB Sean Scheetz 0-0: SINGLE (Groundball, 4D)
Batting: LHB Takahiro Suzuki 0-0: Ball
1-0: Ground out 4-3 (Groundball, 34D)
Sean Scheetz to second
Batting: LHB Jack Donohue 0-0: Ball
1-0: Swinging Strike
1-1: Called Strike
1-2: SINGLE (Groundball, 6MD)
Sean Scheetz to third
Runner from 3rd tries for Home, SAFE, no throw
Batting: RHB Gilberto Clemente 0-0: Ball
1-0: Ball
2-0: Ball
3-0: Called Strike
3-1: Ground out 5-3 (Groundball, 56S)
Top of the 2nd over - 1 run, 2 hits, 0 errors, 1 left on base; Lannister United 1 - Lancaster 0
BOTTOM OF THE 2ND
Lancaster Farmers batting - Pitching for Lannister United Lionhearts : RHP Kliment Spirk
Batting: RHB Bobson Dugnutt 0-0: Ground out 6-3 (Groundball, 6)
Batting: LHB Tullu Amaad 0-0: Ball
1-0: Ball
2-0: Called Strike
2-1: Foul Ball, location: 2F
2-2: Fly out, F2 (Popup, 2LF)
Batting: LHB Katsunan Taketo 0-0: Swinging Strike
0-1: Foul Ball, location: 2F
0-2: Strikes out looking
Bottom of the 2nd over - 0 runs, 0 hits, 0 errors, 0 left on base; Lannister United 1 - Lancaster 0
TOP OF THE 3RD
Lannister United Lionhearts batting - Pitching for Lancaster Farmers : RHP Montrell Baxa
Batting: RHB Riley Walker 0-0: Called Strike
0-1: Foul Ball, location: 2F
0-2: Ball
1-2: Ground out 1-3 (Groundball, P)
Batting: RHB Albert August 0-0: Called Strike
0-1: Ground out 5-3 (Groundball, 56S)
Batting: RHB Melvin Thomas 0-0: Foul Ball, location: 2F
0-1: Ball
1-1: Swinging Strike
1-2: Ball
2-2: Foul Ball, location: 2F
2-2: Strikes out swinging
Top of the 3rd over - 0 runs, 0 hits, 0 errors, 0 left on base; Lannister United 1 - Lancaster 0
BOTTOM OF THE 3RD
Lancaster Farmers batting - Pitching for Lannister United Lionhearts : RHP Kliment Spirk
Batting: RHB Min-tae Yi 0-0: Ball
1-0: Called Strike
1-1: Ball
2-1: Fly out, F8 (Line Drive, 8LD)
Batting: RHB Marcel Roks 0-0: Ball
1-0: Called Strike
1-1: Ball
2-1: Swinging Strike
2-2: Strikes out swinging
Batting: RHB Jesús Herrera 0-0: Called Strike
0-1: Ball
1-1: Foul Ball, location: 2F
1-2: DOUBLE (Line Drive, 7LS)
Batting: RHB José Xirau 0-0: Called Strike
0-1: Ball
1-1: Ground out 5-3 (Groundball, 56S)
Bottom of the 3rd over - 0 runs, 1 hit, 0 errors, 1 left on base; Lannister United 1 - Lancaster 0
TOP OF THE 4TH
Lannister United Lionhearts batting - Pitching for Lancaster Farmers : RHP Montrell Baxa
Batting: LHB Jonathan Gunner 0-0: Ball
1-0: SINGLE (Flyball, 7S)
Batting: RHB Chong-yee Au-Yong 0-0: Ball
1-0: Called Strike
1-1: Foul Ball, location: 2F
1-2: Foul Ball, location: 2F
1-2: SINGLE (Flyball, 89S)
Jonathan Gunner to second
Runner from 2nd tries for 3rd, SAFE, no throw
Batting: SHB Sean Scheetz 0-0: Ball
1-0: Ball
2-0: Ball
3-0: Called Strike
3-1: Grounds into double play, 4-6-3 (Groundball, 4M)
Jonathan Gunner scores
Batting: LHB Takahiro Suzuki 0-0: Ball
1-0: Called Strike
1-1: Foul Ball, location: 2F
1-2: SINGLE (Groundball, 4M) (infield hit)
Batting: LHB Jack Donohue 0-0: Ball
1-0: Ball
2-0: Fly out, F7 (Flyball, 7S)
Top of the 4th over - 1 run, 3 hits, 0 errors, 1 left on base; Lannister United 2 - Lancaster 0
BOTTOM OF THE 4TH
Lancaster Farmers batting - Pitching for Lannister United Lionhearts : RHP Kliment Spirk
Batting: RHB Ramón Soto 0-0: Ball
1-0: Called Strike
1-1: SINGLE (Line Drive, 7LS)
Batting: RHB Hsi-men King 0-0: Ball
1-0: Ball
2-0: Fly out, F6 (Popup, 6S)
Batting: RHB Bobson Dugnutt 0-0: Ball
Ramón Soto is caught stealing 2nd base
1-0: Ball
2-0: Ball
3-0: Called Strike
3-1: Foul Ball, location: 2F
3-2: Foul Ball, location: 2F
3-2: Strikes out swinging
Bottom of the 4th over - 0 runs, 1 hit, 0 errors, 0 left on base; Lannister United 2 - Lancaster 0
TOP OF THE 5TH
Lannister United Lionhearts batting - Pitching for Lancaster Farmers : RHP Montrell Baxa
Batting: RHB Gilberto Clemente 0-0: Ball
1-0: Ball
2-0: Foul Ball, location: 2F
2-1: Swinging Strike
2-2: Foul Ball, location: 2F
2-2: Ball
3-2: Base on Balls
Batting: RHB Riley Walker 0-0: Bunted foul
0-1: Fly out, F8 (Flyball, 8RS)
Batting: RHB Albert August 0-0: Called Strike
0-1: Ball
1-1: Called Strike
1-2: Foul Ball, location: 2F
1-2: Strikes out swinging
Batting: RHB Melvin Thomas 0-0: Called Strike
0-1: Fly out, F8 (Line Drive, 8LD)
Top of the 5th over - 0 runs, 0 hits, 0 errors, 1 left on base; Lannister United 2 - Lancaster 0
BOTTOM OF THE 5TH
Lancaster Farmers batting - Pitching for Lannister United Lionhearts : RHP Kliment Spirk
Batting: LHB Tullu Amaad 0-0: Called Strike
0-1: Ball
1-1: Fly out, F8 (Flyball, 8RD)
Batting: LHB Katsunan Taketo 0-0: Swinging Strike
0-1: Foul Ball, location: 2F
0-2: Ground out U3 (Groundball, 3)
Batting: RHB Min-tae Yi 0-0: Called Strike
0-1: Swinging Strike
0-2: Fly out, F8 (Flyball, 8LD)
Bottom of the 5th over - 0 runs, 0 hits, 0 errors, 0 left on base; Lannister United 2 - Lancaster 0
TOP OF THE 6TH
Lannister United Lionhearts batting - Pitching for Lancaster Farmers : RHP Montrell Baxa
Batting: LHB Jonathan Gunner 0-0: Ball
1-0: Called Strike
1-1: Fly out, F9 (Flyball, 89M)
Batting: RHB Chong-yee Au-Yong 0-0: Foul Ball, location: 2F
0-1: Ball
1-1: Ground out 5-3 (Groundball, 56S)
Batting: SHB Sean Scheetz 0-0: Ball
1-0: Called Strike
1-1: Ball
2-1: Ball
3-1: Base on Balls
Batting: LHB Takahiro Suzuki 0-0: Ground out U3 (Groundball, 34S)
Top of the 6th over - 0 runs, 0 hits, 0 errors, 1 left on base; Lannister United 2 - Lancaster 0
BOTTOM OF THE 6TH
Lancaster Farmers batting - Pitching for Lannister United Lionhearts : RHP Kliment Spirk
Batting: RHB Marcel Roks 0-0: Called Strike
0-1: Ball
1-1: Fly out, F9 (Flyball, 9S)
Batting: RHB Jesús Herrera 0-0: Called Strike
0-1: Called Strike
0-2: Ball
1-2: Ball
2-2: Foul Ball, location: 2F
2-2: Fly out, F8 (Flyball, 8LXD)
Batting: RHB José Xirau 0-0: Ball
1-0: Fly out, F5 (Popup, 56S)
Bottom of the 6th over - 0 runs, 0 hits, 0 errors, 0 left on base; Lannister United 2 - Lancaster 0
TOP OF THE 7TH
Lannister United Lionhearts batting - Pitching for Lancaster Farmers : RHP Montrell Baxa
Batting: LHB Jack Donohue 0-0: Ball
1-0: Called Strike
1-1: Ground out 5-3 (Groundball, 56)
Batting: RHB Gilberto Clemente 0-0: DOUBLE (Line Drive, 89M)
Batting: RHB Riley Walker 0-0: Ball
1-0: Called Strike
1-1: Swinging Strike
1-2: Foul Ball, location: 2F
1-2: Ball
2-2: Fly out, F9 (Flyball, 9D)
Runner from 2nd tags up, SAFE at 3rd, no throw
Batting: RHB Albert August 0-0: Called Strike
0-1: Ball
1-1: Called Strike
1-2: Ball
2-2: SINGLE (Line Drive, 9LS)
Gilberto Clemente scores
Pitching: RHP Tim Sandaele
Batting: RHB Melvin Thomas 0-0: Called Strike
Albert August steals 2nd base
0-1: Ground out U3 (Groundball, 34)
Top of the 7th over - 1 run, 2 hits, 0 errors, 1 left on base; Lannister United 3 - Lancaster 0
BOTTOM OF THE 7TH
Lancaster Farmers batting - Pitching for Lannister United Lionhearts : RHP Kliment Spirk
Batting: RHB Ramón Soto 0-0: SINGLE (Line Drive, 7S)
Batting: RHB Hsi-men King 0-0: Ball
1-0: Foul Ball, location: 2F
1-1: Ball
2-1: Fly out, F5 (Line Drive, 5)
Batting: RHB Bobson Dugnutt 0-0: Ball
1-0: Ball
Ramón Soto steals 2nd base
2-0: Ground out 5-3 (Groundball, 5)
Batting: LHB Tullu Amaad 0-0: Ball
1-0: Foul Ball, location: 2F
1-1: SINGLE (Groundball, 6MD)
Ramón Soto to third
Runner from 3rd tries for Home, throw and OUT!
Bottom of the 7th over - 0 runs, 2 hits, 0 errors, 1 left on base; Lannister United 3 - Lancaster 0
TOP OF THE 8TH
Lannister United Lionhearts batting - Pitching for Lancaster Farmers : RHP Tim Sandaele
Batting: LHB Jonathan Gunner 0-0: Ball
1-0: Ball
2-0: Ball
3-0: Base on Balls
Batting: RHB Chong-yee Au-Yong 0-0: Ball
1-0: Ball
2-0: Foul Ball, location: 2F
2-1: Ball
3-1: SINGLE (Groundball, 5D)
Jonathan Gunner to second
Batting: SHB Sean Scheetz 0-0: Foul Ball, location: 2F
0-1: Ball
1-1: Fly out, F7 (Flyball, 7LSF)
Batting: LHB Takahiro Suzuki 0-0: Ball
1-0: Ball
2-0: Foul Ball, location: 2F
2-1: Swinging Strike
2-2: Strikes out swinging
Batting: LHB Jack Donohue 0-0: Ball
1-0: Fly out, F9 (Flyball, 9LM)
Top of the 8th over - 0 runs, 1 hit, 0 errors, 2 left on base; Lannister United 3 - Lancaster 0
BOTTOM OF THE 8TH
Lancaster Farmers batting - Pitching for Lannister United Lionhearts : RHP Kliment Spirk
Batting: LHB Katsunan Taketo 0-0: Foul Ball, location: 2F
0-1: Called Strike
0-2: Foul Ball, location: 2F
0-2: Ball
1-2: DOUBLE (Line Drive, 9LM)
Batting: RHB Min-tae Yi 0-0: Ground out 5-3 (Groundball, 56S)
Katsunan Taketo to third
Batting: RHB Marcel Roks 0-0: Ball
1-0: Swinging Strike
1-1: Foul Ball, location: 2F
1-2: Ball
2-2: Foul Ball, location: 2F
2-2: Hit by Pitch
Batting: RHB Jesús Herrera 0-0: Swinging Strike
0-1: Foul Ball, location: 2F
0-2: Ball
1-2: SINGLE (Line Drive, 34)
Katsunan Taketo scores
Marcel Roks to second
Runner from 2nd tries for 3rd, OUT!
Batting: RHB José Xirau 0-0: Ground out 5-3 (Groundball, 56S)
Bottom of the 8th over - 1 run, 2 hits, 0 errors, 1 left on base; Lannister United 3 - Lancaster 1
TOP OF THE 9TH
Lannister United Lionhearts batting - Pitching for Lancaster Farmers : RHP Tim Sandaele
Batting: RHB Gilberto Clemente 0-0: Swinging Strike
0-1: Ball
1-1: Ball
2-1: Called Strike
2-2: Strikes out swinging
Batting: RHB Riley Walker 0-0: Ball
1-0: Ground out 4-3 (Groundball, 4)
Batting: RHB Albert August 0-0: Ball
1-0: Called Strike
1-1: Ball
2-1: Foul Ball, location: 2F
2-2: Strikes out swinging
Top of the 9th over - 0 runs, 0 hits, 0 errors, 0 left on base; Lannister United 3 - Lancaster 1
BOTTOM OF THE 9TH
Lancaster Farmers batting - Pitching for Lannister United Lionhearts : RHP Kliment Spirk
Batting: RHB Ramón Soto 0-0: Swinging Strike
0-1: Ball
1-1: Foul Ball, location: 2F
1-2: TRIPLE (Line Drive, 78XD)
Pitching: LHP Fernando Elías
Batting: RHB Hsi-men King 0-0: Swinging Strike
0-1: Ball
1-1: Ball
2-1: Foul Ball, location: 2F
2-2: Ball
3-2: Foul Ball, location: 2F
3-2: Foul Ball, location: 2F
3-2: Foul Ball, location: 2F
3-2: Strikes out looking
Batting: RHB Bobson Dugnutt 0-0: SINGLE (Groundball, 56D)
Ramón Soto scores
Pinch Hitting: RHB Hou Kong 0-0: Ball
1-0: Ball
2-0: Ball
3-0: Swinging Strike
3-1: Base on Balls
Bobson Dugnutt to second
Batting: LHB Katsunan Taketo 0-0: Swinging Strike
0-1: Called Strike
0-2: Strikes out looking
Batting: RHB Min-tae Yi 0-0: Ball
1-0: Foul Ball, location: 2F
1-1: Called Strike
1-2: Foul Ball, location: 2F
1-2: Ball
2-2: Foul Ball, location: 2F
2-2: Ball
3-2: Strikes out swinging
Bottom of the 9th over - 1 run, 2 hits, 0 errors, 2 left on base; Lannister United 3 - Lancaster 2
Wednesday, September 19th, 2018 - OOTP Baseball 18.8 Build 76